 Dungeon Crawl Stone Soup version 0.28-a0-723-g095bd1b44f (webtiles) character file.

Game seed: 10752284327870968364

5 meatgazer the Skirmisher (level 1, 0/19 HPs)
             Began as a Draconian Abyssal Knight on Oct 25, 2021.
             Was a Follower of Lugonu.
             Slain by an ancient zyme (6 damage)
             ... on level 1 of the Abyss.
             The game lasted 00:00:07 (116 turns).

meatgazer the Skirmisher (Draconian Abyssal Knight)  Turns: 116, Time: 00:00:08

Health: 0/19       AC:  4    Str: 15    XL:     1   Next: 66%
Magic:  2/2        EV: 12    Int: 10    God:    Lugonu [*.....]
Gold:   16         SH:  0    Dex: 11    Spells: 0/0 levels left

rFire   . . .      SeeInvis .   a - +1 spear
rCold   . . .      Faith    .   (no shield)
rNeg    . . .      Spirit   .   (armour unavailable)
rPois   .          Reflect  .   (helmet restricted)
rElec   .          Harm     .   (no cloak)
rCorr   .          Rampage  .   (no gloves)
Will    .....                   (no boots)
Stlth   +.........              (no amulet)
HPRegen 0.06/turn               (no ring)
MPRegen 0.08/turn               (no ring)

@: no status effects
A: AC +4, unfitting armour, cold-blooded
a: Renounce Religion, Depart the Abyss


You were on level 1 of the Abyss.
You worshipped Lugonu.
Lugonu was aware of your devotion.
You visited 0 branches of the dungeon, and saw 0 of its levels.
You visited the Abyss 1 time.

You collected 16 gold pieces.

Inventory:

Hand Weapons
 a - a +1 spear (weapon)


   Skills:
 + Level 3.5 Fighting
 + Level 2.1 Polearms
 + Level 2.2 Dodging
 + Level 2.0 Invocations


You couldn't memorise any spells.
You didn't know any spells.
Your spell library was empty.

Dungeon Overview and Level Annotations

Branches:
Dungeon (0/15)

Altars:


Innate Abilities, Weirdness & Mutations

Your plain brown scales are hard. (AC +4)
You cannot fit into any form of body armour.
You are cold-blooded and may be slowed by cold attacks.


Message History

The ufetubus hits you but does no damage.
The ufetubus closely misses you.
You hit the ufetubus.
The ufetubus is moderately wounded.
The ufetubus closely misses you.
The ufetubus hits you but does no damage.
You hit the ufetubus.
Your tail-slap misses the ufetubus.
The ufetubus is severely wounded.
The ufetubus barely misses you. x3
The ufetubus hits you but does no damage.
You hit the ufetubus.
You kill the ufetubus!
No target in view!
No target in view!
No target in view!
No target in view!
No target in view!
No target in view!
No target in view!
No target in view!
No target in view!
No target in view!
No target in view!
No target in view!
No target in view!
No target in view!
No target in view!
No target in view!
No target in view!
An ancient zyme comes into view.
You feel yourself growing ill in the presence of the ancient zyme.
The ancient zyme hits you. The ancient zyme hits you!
Ouch! That really hurt!
* * * LOW HITPOINT WARNING * * *
You hit the ancient zyme.
The ancient zyme is lightly damaged.
You hit the ancient zyme but do no damage.
The ancient zyme is lightly damaged.
The ancient zyme closely misses you. The ancient zyme hits you.
You die...

#. ≈ .. # . .
# . ≈≈## #..#
## .##.. #..##
≈≈. .##..# #
#.. . #.#.#. .
.≈. . #..# #
≈≈#. #.#.####
≈.###x.# .# .
###.###.#@##.
...#
#........#..##
.
...##....#..#
## #.....##.#
#####..###
..#. ###.. .#
#.


You could see an ancient zyme.

Vanquished Creatures
  An ufetubus (Abyss:1)
1 creature vanquished.

Notes
Turn   | Place    | Note
-------+----------+-------------------------------------------
     0 | Abyss:1  | meatgazer the Draconian Abyssal Knight began the quest for
                  | the Orb.
     0 | Abyss:1  | Reached XP level 1. HP: 19/19 MP: 2/2
   112 | Abyss:1  | Noticed an ancient zyme
   116 | Abyss:1  | Slain by an ancient zyme

Illustrated notes

Levels and vault maps discovered:
Abyss:1:  base: Temple, base:
Temple

Action                   || total
-------------------------++-------
Melee: Spear             ||     7
Armor: Skin              ||     3
Dodge: Dodged            ||     8

Table legend: (Time is in decaauts)
 A = Elapsed time spent in this place.
 B = Non-inter-level travel time spent in this place.
 C = Inter-level travel time spent in this place.
 D = Time resting spent in this place.
 E = Time spent auto-exploring this place.
 F = Levels seen in this place.
 G = Mean time per level.
                   A        B        C        D        E       F      G
               +--------+--------+--------+--------+--------+-----+--------+
         Total |    116 |    116 |      0 |      0 |    103 |   1 |  116.0 |
         Abyss |    116 |    116 |      0 |      0 |    103 |   1 |  116.0 |
               +--------+--------+--------+--------+--------+-----+--------+

Top non-repeatable levels by time:
 Abyss:1: 116 daAuts
